 Dungeon Crawl Stone Soup version 0.26.1 (webtiles) character file.

Game seed: 14850444929531950661

67 hawla the Conjurer (level 4, -1/33 HPs)
             Began as a Draconian Conjurer on Feb 5, 2021.
             Shot with a stone by a goblin (3 damage)
             ... led by Robin
             ... on level 2 of the Dungeon.
             The game lasted 00:05:53 (2314 turns).

hawla the Conjurer (Draconian Conjurer)             Turns: 2314, Time: 00:05:53

Health: -1/33      AC:  5    Str:  6 (9)  XL:     4   Next: 0%
Magic:  0/8        EV: 12    Int: 16 (19) God:
Gold:   86         SH:  0    Dex:  7 (10) Spells: 5/8 levels left

rFire    . . .     SeeInvis .   (no weapon)
rCold    . . .     Faith    .   (no shield)
rNeg     . . .     Spirit   .   (armour unavailable)
rPois    .         Reflect  .   (helmet restricted)
rElec    .         Harm     .   j - scarf {+Inv}
rCorr    .         Rampage  .   (no gloves)
Will     .....                  (no boots)
Stlth    +.........             (no amulet)
HPRegen  0.11/turn              (no ring)
MPRegen  0.11/turn              (no ring)

@: no status effects
A: unfitting armour, cold-blooded, AC +5
a: Evoke Invisibility


You were on level 2 of the Dungeon.
You visited 1 branch of the dungeon, and saw 2 of its levels.

You collected 86 gold pieces.

Inventory:

Missiles
 b - 6 javelins
Armour
 j - a scarf of invisibility (worn)
Scrolls
 g - a scroll of magic mapping
Potions
 c - a potion of attraction


   Skills:
 - Level 1.7 Dodging
 - Level 1.7 Stealth
 + Level 2.7 Spellcasting
 * Level 5.1 Conjurations


You had 5 spell levels left.
You knew the following spells:

 Your Spells              Type           Power        Failure   Level
a - Magic Dart            Conj           72%          2%          1
b - Searing Ray           Conj           36%          3%          2

Your spell library contained the following spells:

 Spells                   Type           Power        Failure   Level
 Dazzling Flash           Conj/Hex       20%          21%         3
 Fulminant Prism          Conj/Hex       5%           54%         4
 Iskenderun's Mystic Bla  Conj/Tloc      10%          54%         4


Dungeon Overview and Level Annotations

Branches:
Dungeon (2/15)

Altars:


Innate Abilities, Weirdness & Mutations

Your plain brown scales are hard. (AC +5)
You cannot fit into any form of body armour.
You are cold-blooded and may be slowed by cold attacks.


Message History

You have reached level 4!
You feel agile.
Casting: Searing Ray (safe; 3% risk of failure)
Confirm with . or Enter, or press ? or * to list all spells.
Aiming: Magic Dart (safe; 2% risk of failure)
Press: ? - help, Shift-Dir - straight line, f - adder
Aim: an adder (0% to evade)
The magic dart hits the adder.
The adder is heavily wounded.
The adder bites you but does no damage.
You miss the adder.
The adder is heavily wounded.
The adder bites you.
* * * LOW HITPOINT WARNING * * *
The goblin shoots a stone.
The stone hits you but does no damage. The adder bites you but does no damage.
You completely miss the adder.
The adder is heavily wounded.
The goblin shoots a stone.
The stone hits you.
You die...

*,**,,,,...g.##g#.#.##
*,,,.........*#.#.#...
****#........*#.#.#.##
*########........+........
*................*#.#.#..#
*..............,,.....#'#.
**............,,,,.........
*,........S.#***,.##..#....
*,......(.@.## *,,....#....
*,,.#####....# *,*#........
*,,,* #(...# *,*#...#.w..
*,,,* #.g..# *,*#..##..g.
***** #†..w# *,*#.....gK.
###g...###,*#..#g....
#.(...g....,..,#.....
#.#....#########K....
#.#..........gg..####


You could see a worm, an adder and 3 goblins.

Vanquished Creatures
  Robin (D:2)
  An ooze (D:1)
  A worm (D:2)
  2 dart slugs (D:1)
  A leopard gecko (D:1)
  3 bats (D:2)
  A giant cockroach (D:1)
  14 goblins
  7 hobgoblins
  3 jackals (D:1)
  2 kobolds (D:1)
  A ball python (D:1)
  A frilled lizard (D:2)
  2 rats (D:1)
40 creatures vanquished.

Notes
Turn   | Place    | Note
-------+----------+-------------------------------------------
     0 | D:1      | hawla the Draconian Conjurer began the quest for the Orb.
     0 | D:1      | Reached XP level 1. HP: 14/14 MP: 3/3
   572 | D:1      | Reached XP level 2. HP: 20/20 MP: 3/5
  1185 | D:1      | Reached XP level 3. HP: 20/26 MP: 1/6
  1188 | D:1      | Learned a level 2 spell: Searing Ray
  2057 | D:2      | Noticed Robin
  2165 | D:2      | Reached skill level 5 in Conjurations
  2248 | D:2      | Killed Robin
  2311 | D:2      | Reached XP level 4. HP: 6/33 MP: 1/8
  2314 | D:2      | Shot with a stone by a goblin

Illustrated notes

Levels and vault maps discovered:
D:1:      sevenhm_arrival_forest_fort_small_3, layout_basic
D:2:      layout_basic, uniq_sigmund, uniq_robin

Skill      XL: |  1  2  3 |
---------------+----------+-----
Conjurations   | 5 |  5.1
Dodging        | |  1.7
Stealth        | |  1.7
Spellcasting   | |  2.7

Action                   |  1- 3 |  4- 6 || total
-------------------------+-------+-------++-------
Melee: Unarmed           |    54 |     2 ||    56
       Tailslap          |     4 |       ||     4
 Cast: Magic Dart        |    50 |     1 ||    51
       Searing Ray       |    14 |       ||    14
  Use: Potion            |     5 |       ||     5
       Scroll            |     3 |       ||     3
Armor: Skin              |    22 |     2 ||    24
Dodge: Dodged            |    53 |       ||    53
